AoeStats
← jakewest130

Arena

508216910Analyzed
2v2 RM · 9d ago on Sep 21, 2026· 43m 54s· 4 players
Game mode
Random Map
Map size
Medium (4 player)
Population
200
Speed
Normal
Resources
Standard
Victory
Conquest
Starting age
Dark Age
Ending age
Imperial Age
RankedLock teamsTeams togetherTeam positionsShared explorationLock speedFull tech treeHidden civsTurbo modeCheats
Victory
Defeat
🇺🇸 Koreans · United States
679
+13
🇺🇸 Persians · United States
677
+13
🇦🇷 Spanish · Argentina
687
-15
🇦🇷 Poles · Argentina
553
-11
benjaminmarquinez7
11:52 Feudal Age
12:55 Double-Bit Axe
12:53 Horse Collar
17:30 Wheelbarrow
20:23 Castle Age
18:40 Stone Mining
19:49 Gold Mining
19:59 Fletching
21:05 Heavy Plow
21:20 Bow Saw
23:01 Stone Shaft Mining
24:29 Hand Cart
28:48 Fortified Wall
31:05 Pikeman
36:54 Imperial Age
34:40 Bodkin Arrow
34:51 Scale Barding Armor
34:47 Scale Mail Armor
34:49 Padded Archer Armor
36:30 Coinage
36:00 Caravan
37:34 Masonry
38:46 Halberdier
41:29 Bracer
pagetmelina016
13:08 Feudal Age
14:38 Wheelbarrow
13:46 Horse Collar
13:57 Double-Bit Axe
14:56 Stone Mining
16:21 Man-at-Arms
16:47 Arson
17:16 Bloodlines
17:01 Gold Mining
18:44 Forging
20:11 Scale Barding Armor
22:25 Castle Age
22:49 Light Cavalry
23:52 Chain Barding Armor
25:07 Husbandry
25:47 Long Swordsman
26:28 Squires
28:59 Stone Shaft Mining
28:41 Thumb Ring
29:00 Fletching
29:12 Padded Archer Armor
34:13 Szlachta Privileges
34:37 Bow Saw
34:48 Caravan
34:42 Elite Skirmisher
35:51 Hand Cart
42:16 Heavy Plow
43:50 Coinage
Chilies
10:06 Loom
12:20 Feudal Age
19:56 Castle Age
20:08 Double-Bit Axe
20:05 Horse Collar
20:19 Crossbowman
23:03 Gold Mining
23:06 Fletching
28:07 Thumb Ring
28:30 Ballistics
32:33 Bodkin Arrow
32:50 Masonry
34:53 Wheelbarrow
37:17 Fortified Wall
41:55 Imperial Age
43:00 Bow Saw
42:53 Bracer
44:05 Chemistry
jakewest130
6:45 Loom
11:10 Feudal Age
13:19 Double-Bit Axe
14:22 Loom
17:32 Castle Age
15:51 Horse Collar
18:45 Stone Mining
22:42 Gold Mining
24:54 Wheelbarrow
26:14 Stone Shaft Mining
26:25 Scale Barding Armor
27:50 Hand Cart
28:37 Chain Barding Armor
30:41 Gold Shaft Mining
30:25 Forging
31:13 Bow Saw
31:05 Heavy Plow
34:50 Imperial Age
34:10 Bloodlines
34:02 Husbandry
34:56 Cavalier
36:01 Elite War Elephant
38:39 Conscription
39:30 Caravan
39:05 Savar
42:20 Iron Casting
44:04 Plate Barding Armor
44:41 Blast Furnace
Connection lost

Rejoining the realm…

Still unreachable

The connection could not be restored.

Session expired

The server has moved on; the page needs a fresh start.